 Dungeon Crawl Stone Soup version 0.28.0-45-g0d030f2227 (webtiles) character file.

Game seed: 17017369249389661231

182 brightshaft the Insei (level 5, -2/34 HPs)
             Began as an Octopode Transmuter on Apr 20, 2022.
             Slain by an ogre
             ... wielding a +0 giant club
              (25 damage)
             ... on level 6 of the Dungeon.
             The game lasted 00:04:21 (2919 turns).

brightshaft the Insei (Octopode Transmuter)         Turns: 2919, Time: 00:04:22

Health: -2/34      AC:  1    Str:  9    XL:     5   Next: 62%
Magic:  7/8        EV: 13    Int: 15    God:
Gold:   107        SH:  0    Dex: 15    Spells: 5/8 levels left

rFire   . . .      SeeInvis .     - Unarmed
rCold   . . .      Faith    .   (no shield)
rNeg    . . .      Spirit   .   (helmet currently unavailable)
rPois   .          Reflect  .   (no amulet)
rElec   .          Harm     .   (no ring)
rCorr   .          Rampage  .   (no ring)
Will    .....                   (no ring)
Stlth   +++.......              (no ring)
HPRegen 0.11/turn               (no ring)
MPRegen 0.11/turn               (no ring)
                                (no ring)
                                (no ring)

@: appendages
A: tentacle spike 3, almost no armour, amphibious, 8 rings, camouflage 1,
gelatinous body 1, (nimble swimmer 1), tentacles
a: End Transformation


You were on level 6 of the Dungeon.
One of your tentacles had grown a beastly spike.
You visited 1 branch of the dungeon, and saw 4 of its levels.

You collected 107 gold pieces.

Inventory:

Scrolls
 b - a scroll of identify {unknown}
 d - a scroll of summoning {unknown}
 f - a scroll of brand weapon {unknown}
 g - a scroll of immolation {unknown}
Potions
 a - a potion of curing {unknown}
 c - a potion of attraction {unknown}
 e - a potion of haste {unknown}


   Skills:
 + Level 1.8 Fighting
 + Level 2.6 Dodging
 + Level 2.2 Stealth
 - Level 5.0 Unarmed Combat
 - Level 2.0 Spellcasting
 + Level 2.5 Transmutations


You had 5 spell levels left.
You knew the following spells:

 Your Spells              Type           Power      Damage    Failure   Level
a - Beastly Appendage     Tmut           18%        N/A       8%          1
b - Wereblood             Tmut           9%         N/A       12%         2

Your spell library contained the following spells:

 Spells                   Type           Power      Damage    Failure   Level
 Spider Form              Tmut/Pois      5%         N/A       36%         3
 Ice Form                 Ice/Tmut       5%         N/A       78%         4


Dungeon Overview and Level Annotations

Branches:
Dungeon (3/15)

Altars:

Shops:
D:2 *


Innate Abilities, Weirdness & Mutations

One of your tentacles has grown a beastly spike.
You cannot wear most types of armour.
You are amphibious.
You can wear up to eight rings at the same time.
Your skin changes colour to match your surroundings (Stealth+).
Your rubbery body absorbs attacks. (AC +1, EV +1)
((You are camouflaged when in or above water. (Stealth+)))
You have tentacles for arms and can constrict up to eight enemies at once.


Message History

You tentacle-slap the orc.
You feel a bit better.
You kill the orc!
You tentacle-slap the orc. Your grab misses the orc.
Your squeeze misses the orc.
The orc is almost dead.
The orc hits you but does no damage.
You barely miss the orc. Your grab misses the orc.
Your tentacle spike misses the orc.
The orc is almost dead.
The orc barely misses you.
You tentacle-slap the orc.
You feel a bit better.
You kill the orc!
Your tentacle spike disappears.
Things that are here:
a +0 whip; a +0 hand axe; an orc corpse You howl as the wereblood boils in your veins!
Your primal bloodlust is almost over.
Things that are here:
a +0 dagger; a +0 flail; an orc corpse Your primal bloodlust has ended.
You see here a bullfrog corpse.
HP restored.
An ogre comes into view. It is wielding a +0 giant club.
The ogre shouts!
The ogre moves out of view.
There is a stone staircase leading down here.
Found 9 gold pieces.
One of your tentacles grows a vicious spike.
An adder comes into view.
The adder hisses angrily.
You tentacle-slap the ogre.
You pierce the ogre.
The ogre is moderately wounded.
The ogre hits you with a +0 giant club!
You barely miss the ogre.
Your tentacle spike misses the ogre.
The ogre is moderately wounded.
You tentacle-slap the ogre.
The ogre is moderately wounded.
The ogre hits you with a +0 giant club!!
Ouch! That really hurt!
You die...

###### #....#
#....#####
#.........
#########.........
#>..............†.
#@########........
#.O...# #........
#.....# #........
#S....# #########
#....... #.......$
.........
.........


You could see an ogre and an adder.

Vanquished Creatures
  A bullfrog (D:6)
  2 orc priests (D:6)
  2 adders (D:2)
  A worm (D:2)
  A dart slug (D:1)
  3 orcs (D:6)
  4 bats (D:1)
  8 endoplasms (D:1)
  A goblin (D:2)
  3 hobgoblins
  3 ball pythons
  3 frilled lizards
  6 kobolds
  4 rats
42 creatures vanquished.

Vanquished Creatures (others)
  A plant (D:2)
1 creature vanquished.

Grand Total: 43 creatures vanquished

Notes
Turn   | Place    | Note
-------+----------+-------------------------------------------
     0 | D:1      | brightshaft the Octopode Transmuter began the quest for the
                  | Orb.
     0 | D:1      | Reached XP level 1. HP: 13/13 MP: 3/3
   373 | D:1      | Reached XP level 2. HP: 15/18 MP: 3/5
   376 | D:1      | Learned a level 2 spell: Wereblood
   866 | D:1      | Reached skill level 4 in Unarmed Combat
   915 | D:1      | Reached XP level 3. HP: 23/23 MP: 6/6
  1928 | D:2      | Found Duhiop's Assorted Antiques.
  2230 | D:2      | Reached XP level 4. HP: 28/28 MP: 5/7
  2799 | D:3      | Reached skill level 1 in Stealth
  2809 | D:3      | You fall into a shaft and drop 3 floors!
  2822 | D:6      | Noticed a bullfrog
  2826 | D:6      | Killed a bullfrog
  2827 | D:6      | Reached XP level 5. HP: 33/33 MP: 6/8
  2855 | D:6      | Noticed an ice beast
  2872 | D:6      | Reached skill level 5 in Unarmed Combat
  2912 | D:6      | Noticed an ogre
  2919 | D:6      | Slain by an ogre

Illustrated notes

Levels and vault maps discovered:
D:1:      tarquinn_simple_flora_water_c, layout_rooms
D:2:      layout_basic, serial_shops, shop, serial_forest,
          infiniplex_forest_zigzag_1, infiniplex_forest_clump_tiny,
          infiniplex_forest_end_2, infiniplex_forest_clump_curved,
          infiniplex_forest_end_2, infiniplex_forest_clump_small,
          infiniplex_forest_straight_5, infiniplex_forest_clump_curved
D:3:      minmay_octagon_keep, layout_basic
D:6:      layout_basic, zin_scriptorium

Skill      XL: |  1  2  3  4  5 |
---------------+----------------+-----
Unarmed Combat | 4 5 |  5.0
Stealth        | 1 2 |  2.2
Fighting       | |  1.8
Dodging        | |  2.6
Spellcasting   | |  2.0
Transmutations | |  2.5

Action                   |  1- 3 |  4- 6 || total
-------------------------+-------+-------++-------
Melee: Unarmed           |    59 |    19 ||    78
       Tentacles         |    12 |     3 ||    15
       Constrict         |    12 |     5 ||    17
       Kick              |    12 |     8 ||    20
       Punch             |     2 |     3 ||     5
 Cast: Beastly Appendage |    20 |     4 ||    24
       Wereblood         |     1 |     1 ||     2
 Stab: Sleeping          |    12 |       ||    12
Armor: Skin              |     2 |     2 ||     4
Dodge: Dodged            |    29 |     8 ||    37
